 Dungeon Crawl Stone Soup version 0.28-a0-674-gdaf460b524 (webtiles) character file.

Game seed: 10793535793404571219

1151 freelancePsychic the Magician (level 8, -5/48 HPs)
             Began as a Deep Elf Venom Mage on Oct 17, 2021.
             Was a Follower of Vehumet.
             Slain by a water moccasin (7 damage)
             ... on level 7 of the Dungeon.
             The game lasted 00:16:27 (7498 turns).

freelancePsychic the Magician (Deep Elf Venom Mage) Turns: 7498, Time: 00:16:27

Health: -5/48      AC:  6    Str:  2 (5)  XL:     8   Next: 15%
Magic:  14/20      EV: 15    Int: 28 (29) God:    Vehumet [*.....]
Gold:   228        SH:  0    Dex: 14 (15) Spells: 13/20 levels left

rFire   + . .      SeeInvis .   j - +1 whip (elec)
rCold   + + .      Faith    .   (no shield)
rNeg    . . .      Spirit   .   x - +1 leather armour {rC+}
rPois   +          Reflect  .   (no helmet)
rElec   +          Harm     .   (no cloak)
rCorr   +          Rampage  .   k - +0 pair of gloves
Will    .....                   u - +0 pair of boots
Stlth   +++.......              (no amulet)
HPRegen 0.16/turn               f - +4 ring of evasion
MPRegen 0.17/turn               n - +6 ring of intelligence

@: lethally poisoned (-5 -> -22), resistant, attractive
A: no striking features
a: Renounce Religion


You were on level 7 of the Dungeon.
You worshipped Vehumet.
Vehumet was aware of your devotion.
You visited 2 branches of the dungeon, and saw 8 of its levels.

You collected 327 gold pieces.
You spent 99 gold pieces at shops.

Inventory:

Hand Weapons
 e - the +1 dagger of Demand {pain, rC+ MP+9 Str+3 Int-3 SInv}
   (You found it on level 4 of the Dungeon)

   In the hands of one skilled in necromantic magic, it inflicts extra damage on
   living creatures.
   Str:       It affects your strength (+3).
   Int:       It affects your intelligence (-3).
   rC:        It protects you from cold.
   MP:        It affects your magic capacity (+9).
   SInv:      It lets you see invisible.
 j - a +1 whip of electrocution (weapon)
Armour
 k - a +0 pair of gloves (worn)
 u - a +0 pair of boots (worn)
 x - a +1 leather armour of cold resistance (worn)
Magical Staves
 t - a staff of fire
Jewellery
 c - a ring of flight
 f - a +4 ring of evasion (left hand)
 g - a +6 ring of dexterity
 n - a +6 ring of intelligence (right hand)
Wands
 p - a wand of paralysis (1)
 s - a wand of digging (7)
Scrolls
 h - a scroll of amnesia
 o - a scroll of blinking
 q - 2 scrolls of identify {@r1}
 v - a scroll of magic mapping {unknown}
Potions
 d - a potion of flight
 m - a potion of cancellation
 w - a potion of haste {@q3}


   Skills:
 - Level 4.1 Fighting
 - Level 2.4 Dodging
 - Level 5.8 Stealth
 - Level 6.7 Spellcasting
 + Level 1.9 Summonings
 - Level 1.1 Transmutations
 + Level 3.1 Ice Magic
 - Level 5.2 Poison Magic


You had 13 spell levels left.
You knew the following spells:

 Your Spells              Type           Power      Damage    Failure   Level
a - Sting                 Tmut/Pois      100%       1d8       3%          1
b - Poisonous Vapours     Pois/Air       48%        N/A       7%          2
d - Olgreb's Toxic Radia  Pois           38%        N/A       14%         4

Your spell library contained the following spells:

 Spells                   Type           Power      Damage    Failure   Level
 Freeze                   Ice            100%       1d11      3%          1
 Mephitic Cloud           Conj/Pois/Air  19%        N/A       19%         3
 Summon Ice Beast         Ice/Summ       23%        N/A       41%         4
 Summon Mana Viper        Hex/Summ       14%        N/A       93%         5
 Monstrous Menagerie      Summ           10%        N/A       100%        7


Dungeon Overview and Level Annotations

Branches:
Dungeon (7/15)             Temple (1/1) D:4

Altars:
Ashenzari
Gozag
Makhleb
Vehumet

Shops:
D:3 *

Annotations:
D:3 1 runed translucent door, Crazy Yiuf, Natasha
D:4 3 runed translucent doors, Maimakterion's ghost, amateur HuFi; Menkaure
D:5 exclusions: ice beast and 2 wights
D:6 exclusion: door


Message History

The water moccasin completely misses you.
The water moccasin misses you.
You feel sick.
You feel sick. The water moccasin closely misses you.
You feel sick.
You feel sick.
The water moccasin completely misses you.
You feel sick.
Casting: Sting (safe; 3% risk of failure)
Confirm with . or Enter, or press ? or * to list all spells.
Aiming: Sting (safe; 3% risk of failure)
Press: ? - help, Shift-Dir - straight line, f/p - water moccasin
Aim: a water moccasin (heavily wounded, poisoned, 63% to hit)
The sting hits the water moccasin.
The water moccasin partially resists.
The water moccasin is heavily wounded.
You feel sick. The water moccasin bites you.
You are more poisoned.
The water moccasin poisons you! The water moccasin barely misses you.
Casting: Sting (safe; 3% risk of failure)
Confirm with . or Enter, or press ? or * to list all spells.
Aiming: Sting (safe; 3% risk of failure)
Press: ? - help, Shift-Dir - straight line, f/p - water moccasin
Aim: a water moccasin (heavily wounded, poisoned, 63% to hit)
The sting misses the water moccasin.
You feel very sick. The water moccasin bites you.
You are lethally poisoned!
The water moccasin poisons you!
It was a potion of attraction.
You feel attractive to monsters.
* * * LOW HITPOINT WARNING * * *
You feel very sick. The water moccasin bites you.
* * * LOW HITPOINT WARNING * * *
It was a potion of resistance.
You feel protected.
* * * LOW HITPOINT WARNING * * *
You feel very sick. The water moccasin bites you!
You die...

#.<..# ##.#.####
#......# #.#.##.#
#.#.##.# #.#.##.#
#...##.# #..###.#
#.@# #.# #.S###.#
#..(...#
.##########.#####
.....$......#
.############


You could see a water moccasin (poisoned).

Vanquished Creatures
  Eustachio (D:6)
  A sky beast (D:5)
  A phantom (D:6)
  A gnoll sergeant (D:6)
  3 scorpions
  A wight (D:5)
  2 jellies
  A centaur skeleton (D:4)
  2 hounds
  A bullfrog skeleton (D:6)
  Ijyb (D:4)
  Terence (D:3)
  Natasha (D:3)
  3 iguanas
  3 orc wizards
  2 hound skeletons (D:4)
  5 gnolls (D:6)
  3 adders
  A howler monkey skeleton (D:5)
  A dart slug (D:3)
  11 orcs
  2 endoplasms (D:4)
  3 giant cockroaches (D:1)
  8 goblins
  11 hobgoblins
  2 quokkas (D:1)
  7 ball pythons
  4 bats
  2 frilled lizards
  6 kobolds
  7 rats
98 creatures vanquished.

Notes
Turn   | Place    | Note
-------+----------+-------------------------------------------
     0 | D:1      | freelancePsychic the Deep Elf Venom Mage began the quest
                  | for the Orb.
     0 | D:1      | Reached XP level 1. HP: 10/10 MP: 6/6
   238 | D:1      | Reached XP level 2. HP: 15/15 MP: 6/8
  1013 | D:2      | Learned a level 2 spell: Poisonous Vapours
  1229 | D:2      | Reached XP level 3. HP: 20/20 MP: 2/10
  1467 | D:2      | Found a faded altar of an unknown god.
  1729 | D:2      | Reached skill level 1 in Fighting
  2756 | D:3      | Noticed Terence
  2768 | D:3      | Killed Terence
  2769 | D:3      | Reached skill level 4 in Spellcasting
  2769 | D:3      | Reached XP level 4. HP: 25/25 MP: 6/12
  2860 | D:3      | Found Luafoi's Assorted Antiques.
  2896 | D:3      | Bought a scroll labelled KEMUUV DENWO for 27 gold pieces
  2896 | D:3      | Bought a fizzy green potion for 24 gold pieces
  2896 | D:3      | Bought a fuming black potion for 24 gold pieces
  2896 | D:3      | Bought an emerald potion for 24 gold pieces
  2991 | D:3      | Found an opulent altar of Gozag.
  3004 | D:3      | Found a radiant altar of Vehumet.
  3005 | D:3      | Found a burning altar of Makhleb.
  3006 | D:3      | Found a broken altar of Ashenzari.
  3012 | D:3      | Became a worshipper of Vehumet
  3053 | D:3      | Noticed Natasha
  3057 | D:3      | Killed Natasha
  3161 | D:3      | Found a runed translucent door.
  3162 | D:3      | Noticed Crazy Yiuf
  3195 | D:3      | Noticed Natasha
  3255 | D:4      | Noticed a scorpion
  3260 | D:4      | Killed a scorpion
  3261 | D:4      | Reached XP level 5. HP: 30/30 MP: 7/14
  3312 | D:4      | Found a staircase to the Ecumenical Temple.
  3332 | D:4      | Identified the +1 dagger of Demand {pain, rC+ MP+9 Str+3
                  | Int-3 SInv}
  3345 | D:4      | Reached skill level 5 in Poison Magic
  3354 | Temple   | Entered the Ecumenical Temple
  3477 | D:4      | Reached skill level 5 in Spellcasting
  3652 | D:4      | Learned a level 4 spell: Olgreb's Toxic Radiance
  3666 | D:4      | Noticed Menkaure
  3685 | D:5      | Entered Level 5 of the Dungeon
  3685 | D:5      | Noticed an ice beast
  4186 | D:4      | Noticed Ijyb
  4230 | D:4      | Killed Ijyb
  4231 | D:4      | Reached XP level 6. HP: 36/36 MP: 5/16
  4314 | D:4      | Found a runed translucent gate.
  4314 | D:4      | Identified the +3 spear of the Smoking Soothsayer
                  | {antimagic, rPois}
  4314 | D:4      | Identified the +0 chain mail of Yshrar {*Slow rF+ Str+4
                  | Stlth+}
  4315 | D:4      | Found a runed translucent gate.
  4316 | D:4      | Found a runed translucent gate.
  4317 | D:4      | Noticed Maimakterion's ghost (amateur HuFi)
  4955 | D:5      | Reached skill level 6 in Spellcasting
  5519 | D:5      | Noticed a sky beast
  5546 | D:5      | Killed a sky beast
  5547 | D:5      | Reached XP level 7. HP: 34/41 MP: 9/18
  6302 | D:6      | Reached * piety under Vehumet
  6302 | D:6      | Offered knowledge of Freeze by Vehumet.
  6400 | D:6      | HP: 2/41 [phantom (7)]
  6778 | D:6      | Noticed Eustachio
  6795 | D:6      | Killed Eustachio
  6796 | D:6      | Reached skill level 5 in Stealth
  6796 | D:6      | Reached skill level 1 in Ice Magic
  6967 | D:6      | Reached XP level 8. HP: 10/48 MP: 4/20
  7288 | D:6      | Reached skill level 1 in Summonings
  7498 | D:7      | HP: 2/48 [poisoned by a water moccasin]
  7498 | D:7      | Slain by a water moccasin

Illustrated notes

Levels and vault maps discovered:
D:1:      minmay_arrival_doors, layout_basic
D:2:      layout_basic, hellmonk_ecumenical_altar_crossroads
D:3:      layout_loops_corners, chequers_temple_overflow_statue_of_worship,
          serial_shops, shop, uniq_natasha, uniq_terence,
          uniq_crazy_yiuf_cottage
D:4:      layout_loops_cross, minmay_temple_entry_mini_moons,
          biasface_ghost_orc_armoury, uniq_ijyb, uniq_menkaure
D:5:      layout_loops_ring, mrwooster_statue_mirror,
          kennysheep_decorative_pillar
D:6:      layout_gridville, uniq_eustachio
D:7:      layout_loops_corners, lightli_orcish_oven
Temple:   regret_index_temple_sphere_string

Skill      XL: |  1  2  3  4  5  6  7  8 |
---------------+-------------------------+-----
Poison Magic   | 4 5 |  5.2
Fighting       | 1 2 3 4 |  4.1
Spellcasting   | 4 5 6 |  6.7
Stealth        | 4 5 |  5.8
Ice Magic      | 2 3 |  3.1
Summonings     | 1 |  1.9
Dodging        | |  2.4
Transmutations | |  1.1

Action                   |  1- 3 |  4- 6 |  7- 9 || total
-------------------------+-------+-------+-------++-------
Melee: Whip              |     8 |    40 |    43 ||    91
 Cast: Sting             |    40 |    11 |    14 ||    65
       Poisonous Vapours |    37 |    58 |    19 ||   114
       Olgreb's Toxic Ra |       |     4 |     6 ||    10
Evoke: Wand              |       |     1 |     2 ||     3
  Use: Scroll            |     1 |     2 |       ||     3
       Potion            |       |     4 |     6 ||    10
 Stab: Paralysed         |       |     3 |     3 ||     6
       Sleeping          |       |     1 |       ||     1
Armor: Robe              |     3 |     6 |     2 ||    11
       Leather armour    |       |       |     7 ||     7
Dodge: Dodged            |    16 |    38 |    45 ||    99

Table legend: (Time is in decaauts)
 A = Elapsed time spent in this place.
 B = Non-inter-level travel time spent in this place.
 C = Inter-level travel time spent in this place.
 D = Time resting spent in this place.
 E = Time spent auto-exploring this place.
 F = Levels seen in this place.
 G = Mean time per level.
                   A        B        C        D        E       F      G
               +--------+--------+--------+--------+--------+-----+--------+
         Total |   7475 |   7318 |    157 |   1421 |   4582 |   8 |  934.4 |
       Dungeon |   7008 |   6851 |    157 |    961 |   4582 |   7 | 1001.1 |
        Temple |    467 |    467 |      0 |    460 |      0 |   1 |  467.0 |
               +--------+--------+--------+--------+--------+-----+--------+

Top non-repeatable levels by time:
     D:5: 1771 daAuts
     D:2: 1184 daAuts
     D:4: 1028 daAuts
     D:3: 1023 daAuts
     D:1: 1008 daAuts
     D:6: 942 daAuts
  Temple: 467 daAuts
     D:7: 48 daAuts
